 Dungeon Crawl Stone Soup version 0.26.1-11-gd32895ea62 (webtiles) character file.

Game seed: 12600543334541835065

32112 Shungite the Cleaver (level 13, -15/187 HPs)
             Began as a Minotaur Berserker on June 7, 2021.
             Was the Champion of Trog.
             Collided with a sun demon (22 damage)
             ... caused by a deep elf knight
             ... on level 1 of the Elven Halls.
             The game lasted 00:27:30 (13405 turns).

Shungite the Cleaver (Minotaur Berserker)          Turns: 13405, Time: 00:27:30

Health: -15/187    AC: 26    Str: 26    XL:     13   Next: 29%
Magic:  12/12      EV: 16    Int: 10    God:    Trog [******]
Gold:   643        SH:  0    Dex: 11    Spells: 12/12 levels left

rFire    . . .     SeeInvis .   J - +6 executioner's axe (flame)
rCold    + . .     Faith    .   (shield currently unavailable)
rNeg     . . .     Spirit   .   I - +3 plate armour {rC+}
rPois    .         Reflect  .   (helmet restricted)
rElec    .         Harm     .   E - +0 cloak
rCorr    .         Rampage  .   D - +0 pair of gloves
Will     .....                  M - +2 pair of boots {Stlth+}
Stlth    ..........             h - amulet of regeneration
HPRegen  0.81/turn              k - +6 ring of intelligence
MPRegen  0.13/turn              j - +4 ring of evasion

@: mighty, berserking, very quick
A: retaliatory headbutt, horns 2
a: Renounce Religion, Berserk, Trog's Hand, Brothers in Arms


You were on level 1 of the Elven Halls.
You worshipped Trog.
Trog was exalted by your worship.
You visited 3 branches of the dungeon, and saw 14 of its levels.
You also visited: Ossuary and Bailey.

You collected 1955 gold pieces.
You spent 1312 gold pieces at shops.

Inventory:

Hand Weapons
 u - the +7 war axe of Destiny {vorpal, Dex+4}
   (You found it on level 9 of the Dungeon)

   It inflicts extra damage upon your enemies.
   It affects your dexterity (+4).
 C - the +3 war axe "Lutraow" {flame, rF+ Will+ Stlth+}
   (Trog gifted it to you on level 2 of the Orcish Mines)

   It has been specially enchanted to burn those struck by it, causing extra
   injury to most foes and up to half again as much damage against particularly
   susceptible opponents.
   Big, fiery blades are also staple armaments of hydra-hunters.
   It protects you from fire.
   It affects your willpower, your defense against some magical effects.
   It makes you more stealthy.
 J - a +6 executioner's axe of flaming (weapon)
Armour
 D - a +0 pair of gloves (worn)
 E - a +0 cloak (worn)
 G - a +2 plate armour of poison resistance
 I - a +3 plate armour of cold resistance (worn)
 L - the +1 plate armour of the Gardener {rElec}
   (You bought it in a shop on level 1 of the Orcish Mines)

   It insulates you from electricity.
 M - a +2 pair of boots of stealth (worn)
Jewellery
 h - an amulet of regeneration (around neck)
 j - a +4 ring of evasion (right hand)
 k - a +6 ring of intelligence (left hand)
 P - an uncursed amulet of magic regeneration
Wands
 a - a wand of flame (19)
 g - a wand of iceblast (7)
 p - a wand of random effects (12)
 x - a wand of disintegration (12)
 y - a wand of paralysis (3)
Scrolls
 i - 2 scrolls of immolation
 m - 7 scrolls of remove curse
 n - 2 scrolls of amnesia
 q - 6 scrolls of blinking
 s - 8 scrolls of teleportation
 v - 3 scrolls of noise
 w - 3 scrolls of fear
 A - a scroll of random uselessness {unknown}
 F - 2 scrolls of acquirement {unknown}
 H - a scroll of silence {unknown}
 N - a scroll of magic mapping
 O - 2 scrolls of identify
 Q - a scroll of summoning {unknown}
Potions
 b - a potion of haste {unknown}
 c - a potion of resistance {unknown}
 d - 3 potions of might
 e - 2 potions of invisibility
 f - 2 potions of heal wounds
 l - a potion of cancellation {unknown}
 o - 5 potions of flight
 r - 8 potions of curing
 t - a potion of magic {unknown}
 z - 3 potions of brilliance
 B - a potion of mutation {unknown}
 K - a potion of lignification {unknown}


   Skills:
 * Level 14.4 Fighting
 * Level 14.5 Axes
 * Level 14.2 Armour
 + Level 10.0 Dodging


You had 12 spell levels left.
You didn't know any spells.
Your spell library was empty.

Dungeon Overview and Level Annotations

Branches:
Dungeon (11/15)            Temple (0/1) D:4            Lair (0/6) D:10
    Orc (2/2) D:11            Elf (1/3) Orc:2       Ossuary (visited)
 Bailey (visited)

Altars:
Cheibriados
Dithmenos
Elyvilon
Fedhas
Kikubaaqudgha
Makhleb
Ru
Sif Muna
Trog
Uskayaw
Vehumet
Wu Jian
Xom
Beogh

Shops:
Orc:1 [   Orc:2 [?}[   Elf:1 :}(=


Innate Abilities, Weirdness & Mutations

You reflexively headbutt those who attack you in melee.
You have a pair of horns on your head.


Message History

Trog accepts your kill.
The rust devil disappears in a puff of smoke!
The orange demon disappears in a puff of smoke!
The chaos spawn degenerates into a cloud of primal chaos!
You slice the sun demon!! You slash the deep elf knight!
You burn the deep elf knight. You slice the deep elf demonologist!!
You burn the deep elf demonologist.
The deep elf knight unwields a +0 shortbow.
The deep elf knight wields a +0 short sword.
The deep elf knight hits you but does no damage.
The deep elf mage gestures wildly while chanting.
Send 'em back where they came from!
Trog shields your ally from puny magic!
The deep elf archer blinks!
The deep elf knight casts a spell at you.
The lance of force hits you!
* * * LOW HITPOINT WARNING * * *
You are knocked back by the lance of force.
You collide with the sun demon!
You die...

*################################
,................................
,...(..........()C...............
########'#####43())'#++########'#
.............#8e@)e§...8#........
.............#8eee§....8#........
#'#..##########.e#§e#..#####'###.
..#..#.......#832§e4§..8#......#.
..#..#.......#8e.e§§...8#......#.
..'..#..#+#..##.§#.e#..##.###..#.
..#..#..#.#..#8..(.....8#.#.'..#.
..#..'..#+#..#8........8#.###..'.
..#).#.......#+++*,,*+++#......#.


You could see a cacodemon (summoned), a sun demon (summoned, expiring), a deep
elf demonologist (empowered), 4 deep elf archers, 3 deep elf knights, a deep elf
high priest (brilliance aura), a hellwing (summoned), an ice devil (summoned), 2
deep elf magi, a neqoxec (summoned) and a friendly cyclops (summoned, berserk).

Vanquished Creatures
  An orc warlord (Bailey)
  A deep elf elementalist (Elf:1)
  A deep elf demonologist (Elf:1)
  2 ogre magi (Orc:2)
  Harold (D:9)
  2 dancing weapons
  A two-headed ogre (D:9)
  An orc high priest (Elf:1)
  The ghost of Jaiteiro the Cleaver, a novice FoFi of the Shining One (D:8)
  A deep elf archer (Elf:1)
  Pikel (D:4)
  9 orc sorcerers (Orc:2)
  5 deep elf magi (Elf:1)
  A spectral centaur (D:11)
  A cyclops (D:11)
  2 centaur skeletons (D:11)
  A komodo dragon (D:9)
  4 trolls
  A hornet (D:8)
  Sigmund (D:3)
  A spriggan (D:7)
  A wraith (D:11)
  A vampire (D:11)
  3 wyverns
  A basilisk (D:10)
  2 fire elementals (Elf:1)
  16 yaks
  Edmund (D:4)
  2 wargs (Orc:1)
  A soldier ant (D:10)
  6 water moccasins
  29 orc warriors
  3 sky beasts
  Duvessa (D:4)
  A phantom (D:10)
  3 eyes of draining
  5 ice beasts
  3 black bears
  2 necrophages
  2 centaurs
  13 ogres
  2 lemures (D:4)
  5 big kobolds
  3 bullfrogs
  4 gnoll sergeants (D:11)
  A wyvern skeleton (D:9)
  5 scorpions
  Dowan (D:4)
  4 killer bees (D:11)
  A troll zombie (Ossuary)
  5 howler monkeys
  14 wights
  5 centaur zombies
  A quasit (D:9)
  A bullfrog zombie (D:10)
  7 hounds
  4 jellies
  18 orc priests
  40 orc wizards
  Crazy Yiuf (D:3)
  A gnoll shaman (D:8)
  2 iguanas
  Ijyb (D:5)
  9 worker ants
  An ogre zombie (Ossuary)
  2 hound zombies
  2 hound skeletons
  7 mummies (Ossuary)
  2 worker ant zombies
  15 adders
  A howler monkey skeleton (D:10)
  14 gnolls
  A shadow imp (D:5)
  7 white imps
  4 ufetubi
  2 oozes (D:5)
  2 adder zombies (Ossuary)
  3 adder skeletons
  3 worms
  2 dart slugs
  8 leopard geckos
  84 orcs
  3 ball pythons
  10 bats
  6 giant cockroaches
  13 goblins
  12 hobgoblins
  7 jackals
  8 quokkas
  4 frilled lizards
  8 goblin zombies (Ossuary)
  3 hobgoblin zombies (Ossuary)
  14 kobolds
  2 kobold zombies (Ossuary)
  A quokka skeleton (D:5)
  3 quokka zombies (Ossuary)
  9 rats
  7 rat zombies (Ossuary)
540 creatures vanquished.

Vanquished Creatures (collateral kills)
  A yak (D:11)
  2 orc warriors (Orc:1)
  An ogre (Orc:1)
  A bullfrog (D:11)
  2 wights (D:11)
  2 orc priests
  2 orcs (Elf:1)
11 creatures vanquished.

Vanquished Creatures (others)
  2 orc wizards (Orc:2)
  2 orcs
  7 fungi (D:10)
  22 plants
33 creatures vanquished.

Grand Total: 584 creatures vanquished

Notes
Turn   | Place    | Note
-------+----------+-------------------------------------------
     0 | D:1      | Shungite the Minotaur Berserker began the quest for the
                  | Orb.
     0 | D:1      | Reached XP level 1. HP: 19/19 MP: 0/0
   124 | D:1      | Reached XP level 2. HP: 19/27 MP: 1/1
   455 | D:1      | Reached ** piety under Trog
   460 | D:1      | Reached XP level 3. HP: 33/33 MP: 2/2
  1627 | D:2      | Found a shimmering altar of Xom.
  1864 | D:3      | Reached XP level 4. HP: 40/40 MP: 3/3
  1917 | D:3      | Noticed Sigmund
  1925 | D:3      | Killed Sigmund
  1926 | D:3      | Reached skill level 5 in Fighting
  1926 | D:3      | Reached skill level 5 in Axes
  1926 | D:3      | Reached XP level 5. HP: 48/48 MP: 4/4
  2181 | D:3      | Reached XP level 6. HP: 56/56 MP: 5/5
  2354 | D:3      | Found a runed translucent door.
  2355 | D:3      | Noticed Crazy Yiuf
  2521 | D:3      | Reached *** piety under Trog
  2657 | D:3      | Killed Crazy Yiuf
  2738 | D:4      | Noticed Edmund
  2754 | D:4      | Killed Edmund
  2755 | D:4      | Reached skill level 5 in Armour
  2818 | D:4      | Found a shimmering blue altar of Sif Muna.
  2864 | D:4      | Found a staircase to the Ecumenical Temple.
  2878 | D:4      | Reached XP level 7. HP: 24/62 MP: 6/6
  2930 | D:4      | Found a sand-covered staircase.
  2937 | Ossuary  | Entered an ossuary
  3159 | Ossuary  | Reached **** piety under Trog
  3596 | D:4      | Noticed Dowan
  3604 | D:4      | Killed Dowan
  3604 | D:4      | Noticed Duvessa
  3605 | D:4      | Reached XP level 8. HP: 71/71 MP: 7/7
  3609 | D:4      | Killed Duvessa
  3710 | D:4      | Noticed Pikel
  3725 | D:4      | Killed Pikel
  3726 | D:4      | Reached skill level 5 in Dodging
  3900 | D:4      | Found a bloodstained altar of Trog.
  4036 | D:4      | Reached ***** piety under Trog
  4037 | D:4      | Found a bloodstained altar of Trog.
  4500 | D:5      | Entered Level 5 of the Dungeon
  4684 | D:5      | Noticed Ijyb
  4690 | D:5      | Killed Ijyb
  4691 | D:5      | Found a shadowy altar of Dithmenos.
  4773 | D:5      | Reached XP level 9. HP: 74/81 MP: 8/8
  5360 | D:6      | Identified the +1 leather armour of Adeneiw {Will+ Str-5
                  | Int+2}
  5380 | D:6      | Found a sacrificial altar of Ru.
  5516 | D:6      | Found a hide-covered altar of Uskayaw.
  5516 | D:6      | Found an ornate altar of the Wu Jian Council.
  6087 | D:7      | Received a gift from Trog
  6489 | D:7      | Found a blossoming altar of Fedhas.
  6800 | D:8      | Found a snail-covered altar of Cheibriados.
  6930 | D:8      | Found a flagged portal.
  7016 | Bailey   | Entered a bailey
  7021 | Bailey   | Noticed an orc warlord
  7124 | Bailey   | Found a runed translucent gate.
  7126 | Bailey   | Found a runed translucent gate.
  7128 | Bailey   | Found a runed translucent gate.
  7202 | Bailey   | Killed an orc warlord
  7203 | Bailey   | Reached skill level 10 in Fighting
  7203 | Bailey   | Reached skill level 10 in Axes
  7203 | Bailey   | Reached XP level 10. HP: 44/93 MP: 9/9
  7418 | D:8      | Found a white marble altar of Elyvilon.
  7554 | D:8      | Reached skill level 10 in Armour
  7639 | D:8      | Found a runed translucent door.
  7642 | D:8      | Found a shimmering altar of Xom.
  7642 | D:8      | Noticed Jaiteiro's ghost (novice FoFi)
  7642 | D:8      | Noticed a +2 spear of chaos
  7734 | D:8      | Killed a +2 spear of chaos
  7740 | D:8      | Killed Jaiteiro's ghost
  7982 | D:9      | Noticed Harold
  7990 | D:9      | Found a transporter.
  7990 | D:9      | Found a transporter.
  7997 | D:9      | Killed Harold
  8006 | D:9      | Reached XP level 11. HP: 80/102 MP: 1/10
  8012 | D:9      | Received a gift from Trog
  8137 | D:9      | Got an ichor-stained war axe
  8138 | D:9      | Identified the +7 war axe of Destiny {vorpal, Dex+4} (You
                  | found it on level 9 of the Dungeon)
  8281 | D:9      | Found a burning altar of Makhleb.
  8442 | D:9      | Noticed a two-headed ogre
  8566 | D:9      | Found a roughly hewn altar of Beogh.
  8612 | D:9      | Killed a two-headed ogre
  8731 | D:10     | Entered Level 10 of the Dungeon
  9089 | D:10     | Received a gift from Trog
  9148 | D:10     | Found a staircase to the Lair.
  9248 | D:10     | Reached ****** piety under Trog
  9279 | D:10     | Found a snail-covered altar of Cheibriados.
  9556 | D:11     | Reached XP level 12. HP: 98/113 MP: 11/11
 10303 | D:11     | Found a staircase to the Orcish Mines.
 10858 | Orc:1    | Entered Level 1 of the Orcish Mines
 10880 | Orc:1    | Received a gift from Trog
 11101 | Orc:1    | Found Byps's Antique Armour Shop.
 11111 | Orc:1    | Bought a dazzling plate armour for 784 gold pieces
 11121 | Orc:1    | Identified the +1 plate armour of the Gardener {rElec} (You
                  | bought it in a shop on level 1 of the Orcish Mines)
 11474 | Orc:2    | Entered Level 2 of the Orcish Mines
 11751 | Orc:2    | Found a staircase to the Elven Halls.
 11819 | Orc:2    | Received a gift from Trog
 11821 | Orc:2    | Paralysed by an orc sorcerer for 7 turns
 11838 | Orc:2    | Found Siberoo's Antique Armour Emporium.
 12062 | Orc:2    | Got a masterwork war axe {god gift}
 12065 | Orc:2    | Found Uhuzil's Antique Armour Shoppe.
 12072 | Orc:2    | Identified the +3 war axe "Lutraow" {flame, rF+ Will+
                  | Stlth+} (Trog gifted it to you on level 2 of the Orcish
                  | Mines)
 12074 | Orc:2    | Bought a pair of glowing boots for 285 gold pieces
 12118 | Orc:2    | Found a radiant altar of Vehumet.
 12118 | Orc:2    | Noticed an ogre mage
 12126 | Orc:2    | Killed an ogre mage
 12172 | Orc:2    | Found an ancient bone altar of Kikubaaqudgha.
 12176 | Orc:2    | Paralysed by an orc sorcerer for 6 turns
 12262 | Orc:2    | Found Uttysynn's Gadget Shoppe.
 12262 | Orc:2    | Found a roughly hewn altar of Beogh.
 12263 | Orc:2    | Noticed an ogre mage
 12286 | Orc:2    | Reached XP level 13. HP: 99/124 MP: 12/12
 12459 | Orc:2    | Found Otte's Magic Scroll Emporium.
 12468 | Orc:2    | Bought a scroll of magic mapping for 63 gold pieces
 12468 | Orc:2    | Bought a scroll of identify for 36 gold pieces
 12468 | Orc:2    | Bought a scroll of identify for 36 gold pieces
 12468 | Orc:2    | Bought a scroll of identify for 36 gold pieces
 12468 | Orc:2    | Bought a scroll of identify for 36 gold pieces
 12468 | Orc:2    | Bought a scroll of identify for 36 gold pieces
 12817 | Elf:1    | Entered Level 1 of the Elven Halls
 13163 | Elf:1    | Reached skill level 10 in Dodging
 13228 | Elf:1    | Found Amuxteqes's Weapon Emporium.
 13228 | Elf:1    | Found Asokh's Gadget Shoppe.
 13232 | Elf:1    | Found Hosun's Book Emporium.
 13244 | Elf:1    | Found Wegov's Jewellery Shoppe.
 13389 | Elf:1    | Noticed a deep elf elementalist
 13389 | Elf:1    | Noticed a deep elf demonologist
 13391 | Elf:1    | Noticed a deep elf demonologist
 13401 | Elf:1    | Noticed a cacodemon
 13403 | Elf:1    | Killed a deep elf demonologist
 13405 | Elf:1    | Killed a deep elf elementalist
 13405 | Elf:1    | HP: 7/187 [deep elf knight/lance of force (14)]
 13405 | Elf:1    | Collided with a sun demon

Illustrated notes

Levels and vault maps discovered:
D:1:      dpeg_arrival_arbitrary_c, layout_basic
D:2:      layout_loops_corners, xom_butterflies
D:3:      minmay_diamond_boxcup, layout_loops_ring, uniq_sigmund,
          uniq_crazy_yiuf_cottage
D:4:      layout_loops_ring, lightli_temple_of_fire, kennysheep_mini,
          minmay_temple_entry_junction_2, enter_ossuary_1, portal_sewer_entry_b,
          trog_butcher_becter, uniq_edmund, uniq_duvessa, uniq_pikel
D:5:      layout_basic, marbit_many_paths, uniq_ijyb
D:6:      layout_loops_ring, amethyst_overflow_temple_binary,
          hangedman_ru_absence
D:7:      layout_loops_cross, fedhas_altar_fruit_tree, the_bakery
D:8:      minmay_evil_eye, layout_rooms, elyvilon_altar_5, cheibriados_altar_1,
          enter_bailey_2, ebering_ghost_xom, minmay_misc_feat_x
D:9:      gammafunk_beogh_shrine, layout_cross, makhleb_blood_cavern_becter,
          minmay_misc_feat_four_crosses, palyth_stone_intersect, uniq_harold
D:10:     layout_cave_pools, minmay_lair_entry_grove, basic_altar
D:11:     layout_basic, kennysheep_orc_monster_closet_entryway,
          hangedman_weighted_door
Orc:1:    layout_diamond_mine, serial_shops, nicolae_shop_overgrown_old_shop
Orc:2:    kennysheep_orc_mage_school, layout_caves
Elf:1:    layout_onion_city, serial_shops, nicolae_shop_trees, orc_legates,
          amcnicky_mini_rare_corridor_liquid, drop_trap, minmay_shop_star

Skill      XL: |  1  2  3  4  5  6  7  8  9 10 11 12 13 |
---------------+----------------------------------------+-----
Axes           | 4 5 6 8 10 11 12 14 | 14.5
Fighting       | 4 5 6 8 10 11 12 14 | 14.4
Armour         | 3 4 5 6 7 9 10 12 13 14 | 14.2
Dodging        | 3 4 5 6 7 8 9 10 | 10.0

Action                   |  1- 3 |  4- 6 |  7- 9 | 10-12 | 13-15 || total
-------------------------+-------+-------+-------+-------+-------++-------
Melee: Hand axe          |    79 |    89 |   286 |       |       ||   454
       Headbutt          |    11 |    13 |    80 |    61 |     7 ||   172
       Battleaxe         |       |       |    83 |   188 |       ||   271
       Executioner's axe |       |       |       |   242 |    51 ||   293
Invok: Berserk           |       |     2 |     7 |     5 |     1 ||    15
       Brothers in Arms  |       |       |       |     2 |     1 ||     3
  Use: Scroll            |     7 |       |    13 |     8 |     6 ||    34
       Potion            |       |       |     3 |     1 |     1 ||     5
Armor: Animal skin       |     6 |       |       |       |       ||     6
       Chain mail        |    11 |       |       |       |       ||    11
       Plate armour      |    24 |    60 |   232 |   391 |    58 ||   765
Dodge: Dodged            |    40 |    37 |   182 |   302 |    32 ||   593
